 Dungeon Crawl Stone Soup version 0.29-a0-384-g6960b1960d (webtiles) character file.

Game seed: 11301288531315760819

19163 croobank the Thaumaturge (level 12, -8/91 HPs)
             Began as a Gnoll Fire Elementalist on May 7, 2022.
             Was an Initiate of Gozag.
             Mangled by a death knight
             ... wielding a +2 halberd
              (25 damage)
             ... on level 11 of the Dungeon.
             The game lasted 01:08:35 (15687 turns).

croobank the Thaumaturge (Gnoll Fire Elementalist) Turns: 15687, Time: 01:08:36

Health: -8/91      AC: 13    Str: 10    XL:     12   Next: 66%
Magic:  18/25      EV: 18    Int: 18    God:    Gozag
Gold:   804        SH:  0    Dex: 22    Spells: 10/29 levels left

rFire   + + .      SeeInvis +   M - +10 spear of the Wasteland {vorpal, *Rage rElec rN++ SInv}
rCold   + + .      Faith    .   (no shield)
rNeg    + + .      Spirit   .   x - +3 leather armour
rPois   .          Reflect  .   Z - +2 helmet {Int+3}
rElec   +          Harm     .   h - scarf {rC+ rF+}
rCorr   .          Rampage  .   (no gloves)
Will    .....      Clarity  +   g - +2 pair of boots
Stlth   +++.......              y - amulet of Apitiri {RegenMP rElec Int-3 Dex+10 Stlth-}
HPRegen 0.25/turn               G - ring of protection from cold
MPRegen 0.59/turn               Y - ring of protection from fire

@: gold aura
A: fangs 1, strong nose, distributed training, clarity, MP-powered wands, noise
suppression
a: Renounce Religion, Potion Petition, Call Merchant, Bribe Branch


You were on level 11 of the Dungeon.
You worshipped Gozag.
Gozag was pleased with you.
You visited 2 branches of the dungeon, and saw 12 of its levels.

You collected 2428 gold pieces.
You spent 301 gold pieces at shops.
You paid 1323 gold pieces to Gozag.

Inventory:

Hand Weapons
 b - a +0 hunting sling
 d - a +2 dagger of flaming
 m - a +0 trident of flaming
 A - a +0 dagger of speed
 I - a +1 vorpal battleaxe
 M - the +10 spear of the Wasteland (weapon) {vorpal, *Rage rElec rN++ SInv}
   (You found it on level 5 of the Dungeon)

   It inflicts extra damage upon your enemies.
   rElec:     It insulates you from electricity.
   rN:        It greatly protects you from negative energy.
   SInv:      It lets you see invisible.
   *Rage:     It berserks you when you make melee attacks (+20% chance).
 N - a +2 vampiric trident
 P - a +3 short sword
 Q - a +3 halberd
 R - a +3 great sword
 T - a +0 shortbow
Missiles
 e - 335 stones
 w - 5 silver javelins (quivered)
 B - 48 poisoned darts
 C - 3 atropa-tipped darts
 F - 6 boomerangs
 J - 14 datura-tipped darts
Armour
 g - a +2 pair of boots (worn)
 h - a scarf of resistance (worn)
 p - a +0 robe
 s - a +0 scale mail
 t - a +0 chain mail
 x - a +3 leather armour (worn)
 Z - a +2 helmet of intelligence (worn)
Magical Staves
 a - a staff of fire
 q - a staff of cold
 W - a staff of death
Jewellery
 y - the amulet of Apitiri (around neck) {RegenMP rElec Int-3 Dex+10 Stlth-}
   (You acquired it on level 3 of the Dungeon)

   [amulet of magic regeneration]

   It increases your rate of magic regeneration.
   Int:       It affects your intelligence (-3).
   Dex:       It affects your dexterity (+10).
   rElec:     It insulates you from electricity.
   Stlth:     It makes you less stealthy.
 G - a ring of protection from cold (left hand)
 S - an amulet of the acrobat
 Y - a ring of protection from fire (right hand)
Wands
 K - a wand of acid (9)
 L - a wand of flame (42)
 O - a wand of polymorph (11)
 X - a wand of iceblast (1)
Scrolls
 c - a scroll of immolation
 f - a scroll of identify
 i - a scroll of enchant armour
 u - 2 scrolls of poison
 U - a scroll of blinking
Potions
 j - 2 potions of invisibility
 k - 2 potions of flight
 l - 2 potions of might
 o - 4 potions of lignification
 r - a potion of resistance
 z - 3 potions of magic
 D - 2 potions of curing
 V - a potion of brilliance


   Skills:
 + Level 7.5 Fighting
 + Level 7.5 Short Blades
 + Level 7.5 Long Blades
 + Level 7.5 Axes
 + Level 7.5 Maces & Flails
 + Level 7.5 Polearms
 + Level 7.5 Staves
 + Level 7.5 Slings
 + Level 7.5 Bows
 + Level 7.5 Crossbows
 + Level 7.5 Throwing
 + Level 7.5 Armour
 + Level 8.9 Dodging
 + Level 8.7 Stealth
 + Level 7.5 Shields
 + Level 7.5 Unarmed Combat
 + Level 9.1 Spellcasting
 + Level 6.6 Conjurations
 + Level 6.2 Hexes
 + Level 6.2 Summonings
 + Level 6.2 Necromancy
 + Level 6.2 Translocations
 + Level 6.2 Transmutations
 + Level 8.4 Fire Magic
 + Level 6.2 Ice Magic
 + Level 6.2 Air Magic
 + Level 6.2 Earth Magic
 + Level 6.2 Poison Magic
 + Level 8.2 Invocations
 + Level 7.5 Evocations


You had 10 spell levels left.
You knew the following spells:

 Your Spells              Type           Power      Damage    Failure   Level
a - Foxfire               Conj/Fire      100%       2x1d9     1%          1
b - Scorch                Fire           76%        2d9       1%          2
c - Flame Wave            Conj/Fire      35%        2d8       4%          4
d - Summon Ice Beast      Ice/Summ       30%        N/A       9%          4
e - Conjure Flame         Conj/Fire      35%        6-21      1%          3
f - Summon Mana Viper     Hex/Summ       30%        N/A       24%         5

Your spell library contained the following spells:

 Spells                   Type           Power      Damage    Failure   Level
 Inner Flame              Hex/Fire       34%        N/A       1%          3
 Monstrous Menagerie      Summ           15%        N/A       100%        7


Dungeon Overview and Level Annotations

Branches:
Dungeon (11/15)            Temple (1/1) D:7            Lair (0/6) D:10
    Orc: D:9-12

Altars:
Ashenzari
Dithmenos
Fedhas
Gozag
Hepliaklqana
Kikubaaqudgha
Okawaru
Ru
Trog
Uskayaw
Vehumet
Yredelemnul
The Shining One

Shops:
D:2 *   D:10 [

Annotations:
D:7 2 transporters
D:10 4 runed translucent doors, exclusion: oklob plant


Innate Abilities, Weirdness & Mutations

You have very sharp teeth.
Your uncanny sense of smell can sniff out nearby items.
Your experience applies equally to all skills.
You possess an exceptional clarity of mind.
You expend magic power (3 MP) to strengthen your wands.
You passively dampen the noise of your surroundings.


Message History

You feel a surge of power!
The mass of ice explodes!
The iceblast engulfs the cyclops!!
The cyclops is almost dead.
The iceblast engulfs the centaur warrior!!
The centaur warrior is heavily wounded.
The iceblast engulfs the death knight!
The death knight is lightly wounded.
The cyclops throws a large rock.
The large rock misses you.
Aiming: Iceblast
Press: ? - help, Shift-Dir - straight line, f/p - cyclops
Aim: a cyclops, quivering large rocks (severely wounded)
You feel a surge of power!
The mass of ice explodes!
The iceblast engulfs the cyclops!!!
You kill the cyclops!
The iceblast engulfs the centaur warrior!!
The centaur warrior is almost dead.
The iceblast engulfs the death knight!!
The death knight is heavily wounded.
The centaur warrior shoots an arrow.
The arrow hits you.
* * * LOW HITPOINT WARNING * * *
Aiming: Iceblast
Press: ? - help, Shift-Dir - straight line, f - death knight
Aim: a death knight, wielding a +2 halberd and wearing a +0 chain mail (heavily wounded)
You feel a surge of power!
The mass of ice explodes!
The iceblast engulfs the death knight!!
The death knight is almost dead.
The iceblast engulfs the centaur warrior!
You kill the centaur warrior!
The death knight hits you from afar with a +2 halberd.
* * * LOW HITPOINT WARNING * * *
Okay, then.
Throw: throwing net
Press: ? - help, Shift-Dir - straight line, f/p - death knight
Aim: a death knight, wielding a +2 halberd and wearing a +0 chain mail (severely wounded, 69% to hit)
You throw a throwing net.
The throwing net closely misses the death knight.
Your hearing returns.
The death knight hits you from afar with a +2 halberd!!
You die...
Your body crumbles into a pile of gold.

#...........## $
...###'#?..## ### $
...#...#...# $.($ ∆ ∆
...#...#...## #.# # $ #
...#...#...##/##.##.##.#
##
...#...#...##...$.......
####. ...###+#...# #p# ∆
#.... ...........# ∆##.##
#.... ...........# #.@.# ∆
∆ ##....
.........#####.####
##..... #......##.##.##.#
##...... #......'..).....#
####.......
+......##.##.##.#
#..........
####...#####.####
#.......... #...## #....#
##......####
##...##########.......#...
#....########........#...


You could see a death knight.

Vanquished Creatures
  Snorg (D:11)
  A boulder beetle (D:11)
  2 centaur warriors
  2 two-headed ogres
  Nergalle (D:11)
  Pikel (D:6)
  A deep elf pyromancer (D:9)
  2 wolf spider zombies (D:7)
  An ugly thing (D:11)
  A cyclops (D:11)
  A manticore (D:9)
  4 centaur zombies (D:7)
  A komodo dragon (D:7)
  A kobold demonologist (D:11)
  2 hellwings (D:7)
  3 trolls
  2 hornets
  Prince Ribbit (D:6)
  Grinder (D:6)
  A vampire (D:10)
  2 wyverns
  A shadow (D:11)
  17 yaks
  2 steam dragons
  5 vampire mosquitoes
  An acid dragon (D:10)
  3 water moccasins
  A black bear (D:7)
  A sky beast (D:6)
  2 orc warriors
  An ogre (D:4)
  4 centaurs
  A phantom (D:6)
  4 lemures
  5 kobold brigands
  2 scorpions (D:6)
  3 gnoll sergeants
  7 wights
  29 killer bees
  3 electric eels
  3 howler monkeys
  A hound (D:5)
  5 orc priests
  An iguana (D:4)
  11 orc wizards
  9 adders
  11 gnolls
  4 shadow imps
  An ufetubus (D:5)
  2 worms (D:2)
  2 dart slugs (D:1)
  27 orcs
  10 bats
  7 endoplasms
  2 giant cockroaches
  6 goblins
  9 hobgoblins
  3 jackals (D:1)
  27 kobolds
  4 quokkas
  7 ball pythons
  3 frilled lizards
  6 rats
285 creatures vanquished.

Vanquished Creatures (collateral kills)
  A killer bee (D:8)
1 creature vanquished.

Vanquished Creatures (others)
  360 foxfires
  6 plants (D:7)
  16 withered plants (D:7)
382 creatures vanquished.

Grand Total: 668 creatures vanquished

Notes
Turn   | Place    | Note
-------+----------+-------------------------------------------
     0 | D:1      | croobank the Gnoll Fire Elementalist began the quest for
                  | the Orb.
     0 | D:1      | Reached XP level 1. HP: 13/13 MP: 6/6
   144 | D:1      | Reached XP level 2. HP: 19/19 MP: 5/7
   147 | D:1      | Learned a level 2 spell: Scorch
   715 | D:1      | Reached XP level 3. HP: 23/25 MP: 1/9
  1034 | D:1      | Reached skill level 5 in Spellcasting
  1266 | D:2      | Reached skill level 1 in Invocations
  1426 | D:2      | Reached skill level 1 in Fighting
  1426 | D:2      | Reached skill level 1 in Short Blades
  1426 | D:2      | Reached skill level 1 in Long Blades
  1426 | D:2      | Reached skill level 1 in Axes
  1426 | D:2      | Reached skill level 1 in Maces & Flails
  1426 | D:2      | Reached skill level 1 in Polearms
  1426 | D:2      | Reached skill level 1 in Staves
  1426 | D:2      | Reached skill level 1 in Slings
  1426 | D:2      | Reached skill level 1 in Bows
  1426 | D:2      | Reached skill level 1 in Crossbows
  1426 | D:2      | Reached skill level 1 in Throwing
  1426 | D:2      | Reached skill level 1 in Armour
  1426 | D:2      | Reached skill level 1 in Shields
  1426 | D:2      | Reached skill level 1 in Unarmed Combat
  1426 | D:2      | Reached skill level 1 in Evocations
  1561 | D:2      | Reached XP level 4. HP: 32/32 MP: 9/11
  1594 | D:2      | Found Qacs's Assorted Antiques.
  1639 | D:2      | Found a shadowy altar of Dithmenos.
  1942 | D:2      | Identified a scroll of acquirement
  1942 | D:2      | Acquired a scarf of resistance
  2229 | D:3      | Found a faded altar of an unknown god.
  2254 | D:3      | Acquired a staff of fire
  2304 | D:3      | Learned a level 4 spell: Flame Wave
  2357 | D:3      | Reached skill level 1 in Hexes
  2357 | D:3      | Reached skill level 1 in Summonings
  2357 | D:3      | Reached skill level 1 in Necromancy
  2357 | D:3      | Reached skill level 1 in Translocations
  2357 | D:3      | Reached skill level 1 in Transmutations
  2357 | D:3      | Reached skill level 1 in Ice Magic
  2357 | D:3      | Reached skill level 1 in Air Magic
  2357 | D:3      | Reached skill level 1 in Earth Magic
  2357 | D:3      | Reached skill level 1 in Poison Magic
  2464 | D:3      | Found a broken altar of Ashenzari.
  2465 | D:3      | Found an iron altar of Okawaru.
  2465 | D:3      | Found a hazy altar of Hepliaklqana.
  2466 | D:3      | Found a hide-covered altar of Uskayaw.
  2596 | D:3      | Reached XP level 5. HP: 37/37 MP: 7/12
  2649 | D:3      | Acquired the amulet of Apitiri {RegenMP rElec Int-3 Dex+10
                  | Stlth-}
  3066 | D:4      | Noticed a kobold brigand
  3066 | D:4      | Noticed a kobold brigand
  3078 | D:4      | Killed a kobold brigand
  3079 | D:4      | Killed a kobold brigand
  3080 | D:4      | Reached XP level 6. HP: 29/44 MP: 2/14
  3288 | D:4      | Reached skill level 5 in Dodging
  3554 | D:4      | Found an opulent altar of Gozag.
  3569 | D:4      | Became a worshipper of Gozag Ym Sagoz the Greedy
  4016 | D:5      | Entered Level 5 of the Dungeon
  4052 | D:5      | Noticed an orc warrior
  4062 | D:5      | Killed an orc warrior
  4063 | D:5      | Reached XP level 7. HP: 37/51 MP: 8/15
  4215 | D:5      | Reached skill level 5 in Stealth
  4364 | D:5      | Found a radiant altar of Vehumet.
  4433 | D:5      | Identified the +10 spear of the Wasteland {vorpal, *Rage
                  | rElec rN++ SInv}
  4676 | D:6      | Noticed a steam dragon
  4681 | D:6      | Noticed Prince Ribbit
  4688 | D:5      | Killed a steam dragon
  4689 | D:5      | Reached XP level 8. HP: 46/58 MP: 2/16
  4755 | D:6      | Killed Prince Ribbit
  4756 | D:6      | Reached skill level 6 in Spellcasting
  4816 | D:6      | Noticed Pikel
  4850 | D:6      | Gained mutation: You expend magic power (3 MP) to
                  | strengthen your wands. [potion of mutation]
  4850 | D:6      | Gained mutation: You have hidden genetic potential. [potion
                  | of mutation]
  5196 | D:6      | Found a blossoming altar of Fedhas.
  5196 | D:6      | Found a glowing golden altar of the Shining One.
  5570 | D:6      | Killed Pikel
  5571 | D:6      | Reached XP level 9. HP: 53/65 MP: 8/18
  5667 | D:6      | Gained mutation: You passively dampen the noise of your
                  | surroundings. [hidden potential]
  5928 | D:6      | Noticed Grinder
  5950 | D:6      | Killed Grinder
  6281 | D:7      | Noticed a hellwing
  6282 | D:7      | Noticed a hellwing
  6548 | D:7      | Found a staircase to the Ecumenical Temple.
  6589 | D:7      | Identified the +2 scale mail of Fynuwyj {Int+2 Dex+3}
  6589 | D:7      | Identified the +2 buckler of Peek-a-Boo {Will+ SInv}
  6662 | D:7      | Found a transporter.
  6662 | D:7      | Found a transporter.
  6693 | D:7      | Reached skill level 5 in Invocations
  6697 | D:7      | Reached skill level 7 in Spellcasting
  6697 | D:7      | Reached XP level 10. HP: 13/73 MP: 2/20
  6775 | Temple   | Entered the Ecumenical Temple
  7368 | D:7      | Reached skill level 5 in Fighting
  7368 | D:7      | Reached skill level 5 in Short Blades
  7368 | D:7      | Reached skill level 5 in Long Blades
  7368 | D:7      | Reached skill level 5 in Axes
  7368 | D:7      | Reached skill level 5 in Maces & Flails
  7368 | D:7      | Reached skill level 5 in Polearms
  7368 | D:7      | Reached skill level 5 in Staves
  7368 | D:7      | Reached skill level 5 in Slings
  7368 | D:7      | Reached skill level 5 in Bows
  7368 | D:7      | Reached skill level 5 in Crossbows
  7368 | D:7      | Reached skill level 5 in Throwing
  7368 | D:7      | Reached skill level 5 in Armour
  7368 | D:7      | Reached skill level 5 in Shields
  7368 | D:7      | Reached skill level 5 in Unarmed Combat
  7368 | D:7      | Reached skill level 5 in Evocations
  7376 | D:7      | Gained mutation: You possess an exceptional clarity of
                  | mind. [hidden potential]
  7376 | D:7      | Lost mutation: You have hidden genetic potential. [hidden
                  | potential expressed]
  8102 | D:7      | Reached skill level 5 in Conjurations
  8179 | D:7      | Identified the ring "Tebroheh" {rC+ Slay+4}
  8606 | D:7      | Learned a level 4 spell: Summon Ice Beast
  9406 | D:7      | Reached XP level 11. HP: 46/81 MP: 15/22
  9798 | D:7      | Learned a level 3 spell: Conjure Flame
  9889 | D:7      | Reached skill level 5 in Hexes
  9889 | D:7      | Reached skill level 5 in Summonings
  9889 | D:7      | Reached skill level 5 in Necromancy
  9889 | D:7      | Reached skill level 5 in Translocations
  9889 | D:7      | Reached skill level 5 in Transmutations
  9889 | D:7      | Reached skill level 5 in Ice Magic
  9889 | D:7      | Reached skill level 5 in Air Magic
  9889 | D:7      | Reached skill level 5 in Earth Magic
  9889 | D:7      | Reached skill level 5 in Poison Magic
 10097 | D:8      | Reached skill level 8 in Spellcasting
 10447 | D:8      | Noticed a centaur warrior
 10453 | D:8      | Killed a centaur warrior
 11062 | D:9      | Noticed a deep elf pyromancer
 11066 | D:9      | Killed a deep elf pyromancer
 11250 | D:9      | Noticed a two-headed ogre
 11267 | D:9      | Killed a two-headed ogre
 11364 | D:9      | Noticed a manticore
 11523 | D:9      | Killed a manticore
 12535 | D:10     | Entered Level 10 of the Dungeon
 12719 | D:10     | Found Uzuuvamn's Armour Shop.
 12726 | D:10     | Bought a +2 helmet of intelligence for 301 gold pieces
 13068 | D:10     | Learned a level 5 spell: Summon Mana Viper
 13081 | D:10     | Found a runed translucent door.
 13096 | D:10     | Found a runed translucent door.
 13107 | D:10     | Found a runed translucent door.
 13119 | D:10     | Found a runed translucent door.
 13229 | D:10     | Reached XP level 12. HP: 89/89 MP: 18/24
 13743 | D:10     | Found a staircase to the Lair.
 14288 | D:11     | Noticed a two-headed ogre
 14298 | D:11     | Killed a two-headed ogre
 14603 | D:11     | Noticed Snorg
 14623 | D:11     | Noticed Nergalle
 14840 | D:11     | Noticed a boulder beetle
 14862 | D:11     | Killed a boulder beetle
 14889 | D:11     | Killed Nergalle
 15144 | D:11     | Killed Snorg
 15323 | D:11     | Reached skill level 9 in Spellcasting
 15666 | D:11     | Noticed a death knight
 15670 | D:11     | Noticed a centaur warrior
 15686 | D:11     | Killed a centaur warrior
 15687 | D:11     | Mangled by a death knight

Illustrated notes

Levels and vault maps discovered:
D:1:      giann_bridges, layout_basic
D:2:      layout_rooms, serial_shops, shop, basic_altar
D:3:      layout_rooms, chequers_temple_overflow_statue_of_worship,
          ebering_ecumenical_altar_rust, minivault_11
D:4:      cheibrodos_thug_alley, layout_basic, lemuel_crystal_altar
D:5:      layout_cave_pools, vehumet_altar_wand_db
D:6:      layout_basic, gammafunk_temple_overflow_statue, enter_ossuary_1,
          kennysheep_donut, uniq_pikel, uniq_grinder, uniq_prince_ribbit1
D:7:      cheibrodos_grave_circle, layout_loops_ring,
          minmay_temple_entry_arrows, gammafunk_ghost_gnarly_gnolls
D:8:      layout_cave_pools
D:9:      layout_loops_ring, amcnicky_mini_pool_medium
D:10:     layout_stronghold, dpeg_oklobed_lair, serial_shops,
          nicolae_shop_window_shopping, minmay_statue_crystal_thing
D:11:     hangedman_cross_veins, layout_irregular_city, uniq_nergalle,
          uniq_snorg
Temple:   zaba_magenta_temple

Skill      XL: |  1  2  3  4  5  6  7  8  9 10 11 12 |
---------------+-------------------------------------+-----
Conjurations   | 2 3 4 5 6 |  6.6
Spellcasting   | 5 6 7 8 9 |  9.1
Invocations    | 1 2 3 4 5 6 7 8 |  8.2
Fighting       | 1 2 3 4 5 6 7 |  7.5
Short Blades   | 1 2 3 4 5 6 7 |  7.5
Long Blades    | 1 2 3 4 5 6 7 |  7.5
Axes           | 1 2 3 4 5 6 7 |  7.5
Maces & Flails | 1 2 3 4 5 6 7 |  7.5
Polearms       | 1 2 3 4 5 6 7 |  7.5
Staves         | 1 2 3 4 5 6 7 |  7.5
Slings         | 1 2 3 4 5 6 7 |  7.5
Bows           | 1 2 3 4 5 6 7 |  7.5
Crossbows      | 1 2 3 4 5 6 7 |  7.5
Throwing       | 1 2 3 4 5 6 7 |  7.5
Armour         | 1 2 3 4 5 6 7 |  7.5
Shields        | 1 2 3 4 5 6 7 |  7.5
Unarmed Combat | 1 2 3 4 5 6 7 |  7.5
Evocations     | 1 2 3 4 5 6 7 |  7.5
Hexes          | 1 2 3 4 5 6 |  6.2
Summonings     | 1 2 3 4 5 6 |  6.2
Necromancy     | 1 2 3 4 5 6 |  6.2
Translocations | 1 2 3 4 5 6 |  6.2
Transmutations | 1 2 3 4 5 6 |  6.2
Ice Magic      | 1 2 3 4 5 6 |  6.2
Air Magic      | 1 2 3 4 5 6 |  6.2
Earth Magic    | 1 2 3 4 5 6 |  6.2
Poison Magic   | 1 2 3 4 5 6 |  6.2
Dodging        | 5 6 7 8 |  8.9
Stealth        | 5 6 7 8 |  8.7
Fire Magic     | 6 7 8 |  8.4

Action                   |  1- 3 |  4- 6 |  7- 9 | 10-12 || total
-------------------------+-------+-------+-------+-------++-------
Melee: Trident           |    22 |       |       |       ||    22
       Bite              |     3 |     2 |     1 |    10 ||    16
       Punch             |     1 |       |       |     1 ||     2
       Dagger            |       |     4 |       |       ||     4
       Staff             |       |     9 |     1 |    19 ||    29
       Spear             |       |       |    18 |    40 ||    58
       Battleaxe         |       |       |       |     7 ||     7
Throw: Throwing net      |       |       |       |     3 ||     3
       Dart              |       |       |       |     3 ||     3
       Javelin           |       |       |       |     2 ||     2
 Cast: Foxfire           |    28 |    45 |    40 |    98 ||   211
       Scorch            |    15 |    33 |   107 |   266 ||   421
       Flame Wave        |       |       |     2 |    10 ||    12
       Summon Ice Beast  |       |       |       |     3 ||     3
       Conjure Flame     |       |       |       |    23 ||    23
Invok: Potion Petition   |       |       |       |     2 ||     2
Evoke: Wand              |       |       |       |    22 ||    22
  Use: Scroll            |     5 |    13 |     2 |    11 ||    31
       Potion            |       |       |     5 |     3 ||     8
 Stab: Held in net/web   |       |       |       |     1 ||     1
Armor: Robe              |     9 |     4 |    14 |    18 ||    45
       Skin              |       |       |    19 |       ||    19
       Leather armour    |       |       |       |    59 ||    59
Dodge: Dodged            |    20 |    25 |    65 |   250 ||   360

Table legend: (Time is in decaauts)
 A = Elapsed time spent in this place.
 B = Non-inter-level travel time spent in this place.
 C = Inter-level travel time spent in this place.
 D = Time resting spent in this place.
 E = Time spent auto-exploring this place.
 F = Levels seen in this place.
 G = Mean time per level.
                   A        B        C        D        E       F      G
               +--------+--------+--------+--------+--------+-----+--------+
         Total |  15705 |  15345 |    360 |   5281 |   7258 |  12 | 1308.8 |
       Dungeon |  15002 |  14642 |    360 |   4584 |   7258 |  11 | 1363.8 |
        Temple |    703 |    703 |      0 |    697 |      0 |   1 |  703.0 |
               +--------+--------+--------+--------+--------+-----+--------+

Top non-repeatable levels by time:
     D:7: 2416 daAuts
    D:10: 1722 daAuts
     D:6: 1585 daAuts
     D:9: 1484 daAuts
     D:8: 1455 daAuts
    D:11: 1428 daAuts
     D:1: 1188 daAuts
     D:4: 1121 daAuts
     D:2: 1034 daAuts
     D:5: 883 daAuts
  Temple: 703 daAuts
     D:3: 681 daAuts
